 Dungeon Crawl Stone Soup version 0.29-a0-837-g174bc33265 (webtiles) character file.

Game seed: 2795858455548188324

551 Querens the Shield-Bearer (level 7, 0/61 HPs)
             Began as a Meteoran Fighter on July 13, 2022.
             Was a Follower of Okawaru.
             Slain by an orc warrior
             ... wielding a +0 war axe
              (15 damage)
             ... on level 6 of the Dungeon.
             The game lasted 00:10:25 (2552 turns).

Querens the Shield-Bearer (Meteoran Fighter)        Turns: 2552, Time: 00:10:26

Health: 0/61       AC: 19    Str: 17 (20) XL:     7   Next: 85%
Magic:  8/8        EV:  5    Int:  6 (9)  God:    Okawaru [*.....]
Gold:   304        SH:  5    Dex: 11 (14) Spells: 6/6 levels left

rFire   . . .      SeeInvis .   a - +0 war axe
rCold   . . .      Faith    .   c - +0 buckler
rNeg    . . .      Spirit   .   y - +0 plate armour
rPois   .          Reflect  .   (no helmet)
rElec   .          Harm     .   v - scarf {repulsion}
rCorr   .          Rampage  .   h - +0 pair of gloves
Will    .....                   l - +0 pair of boots
Stlth   ..........              (no amulet)
HPRegen 0.20/turn               t - +4 ring of protection
MPRegen 0.11/turn               (no ring)

@: brilliant, glowing, repel missiles
A: sense surroundings 1, otherworldly, glowing, explore regen
a: Renounce Religion, Heroism


You were on level 6 of the Dungeon.
You worshipped Okawaru.
Okawaru was aware of your devotion.
You visited 1 branch of the dungeon, and saw 6 of its levels.

You collected 304 gold pieces.

Inventory:

Hand Weapons
 a - a +0 war axe (weapon)
Armour
 c - a +0 buckler (worn)
 h - a +0 pair of gloves (worn)
 l - a +0 pair of boots (worn)
 v - a scarf of repulsion (worn)
 w - the +1 leather armour of Past Mistakes {rPois Dex+4}
   (You found it on level 4 of the Dungeon)

   Dex:       It affects your dexterity (+4).
   rPois:     It protects you from poison.
 y - a +0 plate armour (worn)
 C - a scarf of resistance
Jewellery
 t - a +4 ring of protection (left hand)
 B - a ring of resist corrosion
Wands
 b - a wand of paralysis (11)
 o - a wand of flame (4)
Scrolls
 e - a scroll of silence {unknown}
 f - 2 scrolls of enchant weapon {unknown}
 n - 2 scrolls of poison
 p - a scroll of teleportation {unknown}
 s - a scroll of summoning {unknown}
 u - 2 scrolls of identify {unknown}
 x - a scroll of fear {unknown}
 A - 2 scrolls of blinking {unknown}
Potions
 d - 3 potions of might
 g - a potion of invisibility {unknown}
 i - 3 potions of brilliance
 j - 2 potions of degeneration
 k - 2 potions of curing
 m - 2 potions of attraction {unknown}
 q - a potion of ambrosia {unknown}
 r - 2 potions of resistance {unknown}
 z - 2 potions of heal wounds {unknown}


   Skills:
 + Level 5.2 Fighting
 + Level 5.0 Axes
 + Level 5.7 Armour
 + Level 5.7 Shields
 + Level 0.4 Invocations


You had 6 spell levels left.
You didn't know any spells.
Your spell library contained the following spells:

 Spells                   Type           Power      Damage    Failure   Level
 Gell's Gravitas          Tloc           0%         N/A       100%        3
 Lesser Beckoning         Tloc           0%         N/A       100%        3
 Teleport Other           Tloc           0%         N/A       100%        3
 Chain Lightning          Conj/Air       0%         N/A       100%        9
 Fire Storm               Conj/Fire      0%         5d1       100%        9
 Shatter                  Erth           0%         3d5*      100%        9
 Animate Dead             Necr           Unusable   N/A       N/A         4
 Haunt                    Necr/Summ      Unusable   N/A       N/A         7
 Infestation              Necr           Unusable   N/A       N/A         8

Dungeon Overview and Level Annotations

Branches:
Dungeon (6/15) Zot: 957
 Temple: D:4-7

Altars:
Kikubaaqudgha
Okawaru
Ru
Xom


Innate Abilities, Weirdness & Mutations

You passively map a small area around you.
You are easily found by Zot.
You glow in the dark.
You regain HP and MP as you explore.


Message History

The orc closely misses you.
Unknown command.
You completely miss the orc warrior.
The orc warrior is almost dead.
You barely miss the orc.
The orc warrior hits you but does no damage.
The orc hits you but does no damage.
The orc warrior hits you with a +0 war axe.
* * * LOW HITPOINT WARNING * * *
The orc barely misses you.
You hit the orc warrior.
The orc warrior is almost dead.
You slash the orc!
You kill the orc!
Okawaru accepts your kill. You block the orc warrior's attack.
You barely miss the orc warrior.
The orc warrior is almost dead.
You slash the orc!
You kill the orc!
Okawaru accepts your kill.
The orc warrior hits you with a +0 war axe!
* * * LOW HITPOINT WARNING * * *
Unknown command.
It was a potion of brilliance.
You feel clever all of a sudden. The orc warrior completely misses you.
It was a potion of degeneration.
There was something very wrong with that liquid.
You feel weakened.
You feel dopey.
You feel clumsy. The orc warrior barely misses you.
It was a potion of curing.
You feel better. You block the orc warrior's attack.
You closely miss the orc warrior.
The orc warrior is almost dead.
You block the orc warrior's attack.
You closely miss the orc warrior.
The orc warrior is almost dead.
You block the orc warrior's attack.
The orc warrior hits you with a +0 war axe!
You die...

##..####..##
, ##.# ###.#
, , ##.# #.#
* ###.)# #.#
*#....# ##.#
*, ,* ,
##...## #.##
* * ,*
###..## #.##
*#....#
##.## *
#..##.# ##@#
#.## #.#
#)o.#* , *
#.# #.#
#.##.. ...
#.#
..**....* *
* ... *
##.#∩... *
#...# ##
#..#.... *
#... * *
#...#∩.⌠. *
...
#..###....
.. #.. ∩


You could see an orc warrior.

Vanquished Creatures
  An ogre (D:5)
  A necrophage (D:5)
  2 jellies
  An orc priest (D:5)
  Jessica (D:2)
  4 orc wizards (D:5)
  An iguana (D:5)
  3 adders
  5 gnolls
  A shadow imp (D:5)
  19 orcs
  A ball python (D:1)
  6 bats
  10 endoplasms
  6 giant cockroaches
  9 goblins
  3 hobgoblins
  8 kobolds
  5 quokkas
  A frilled lizard (D:1)
  6 rats
94 creatures vanquished.

Vanquished Creatures (others)
  5 dream sheep (D:4)
  A fungus (D:1)
6 creatures vanquished.

Grand Total: 100 creatures vanquished

Notes
Turn   | Place    | Note
-------+----------+-------------------------------------------
     0 | D:1      | Querens the Meteoran Fighter began the quest for the Orb.
     0 | D:1      | Reached XP level 1. HP: 19/19 MP: 2/2
    23 | D:1      | Reached XP level 2. HP: 26/26 MP: 3/3
    81 | D:1      | Reached XP level 3. HP: 30/31 MP: 4/4
   315 | D:1      | Found a faded altar of an unknown god.
   430 | D:2      | Reached XP level 4. HP: 40/40 MP: 5/5
   570 | D:2      | Noticed Jessica
   572 | D:2      | Killed Jessica
   573 | D:2      | Reached XP level 5. HP: 46/46 MP: 6/6
   926 | D:3      | Found an ancient bone altar of Kikubaaqudgha.
  1459 | D:4      | Identified the +1 leather armour of Past Mistakes {rPois
                  | Dex+4}
  1545 | D:4      | Noticed a dream sheep
  1545 | D:4      | Noticed a dream sheep
  1545 | D:4      | Noticed a dream sheep
  1545 | D:4      | Noticed a dream sheep
  1545 | D:4      | Noticed a dream sheep
  1545 | D:4      | Found a shimmering altar of Xom.
  1550 | D:4      | Killed a dream sheep
  1550 | D:4      | Killed a dream sheep
  1550 | D:4      | Killed a dream sheep
  1551 | D:4      | Killed a dream sheep
  1553 | D:4      | Killed a dream sheep
  1604 | D:4      | Reached XP level 6. HP: 50/52 MP: 7/7
  1769 | D:4      | Found a sacrificial altar of Ru.
  1858 | D:5      | Entered Level 5 of the Dungeon
  1875 | D:5      | Reached skill level 5 in Armour
  1875 | D:5      | Reached skill level 5 in Shields
  2036 | D:5      | Reached XP level 7. HP: 22/60 MP: 8/8
  2135 | D:5      | Found an iron altar of Okawaru.
  2153 | D:5      | Became a worshipper of Warmaster Okawaru
  2169 | D:5      | Reached skill level 5 in Fighting
  2335 | D:5      | Reached skill level 5 in Axes
  2397 | D:5      | Reached * piety under Okawaru
  2552 | D:6      | Slain by an orc warrior

Illustrated notes

Levels and vault maps discovered:
D:1:      saegor_arrival_simple_a, layout_basic,
          dreamdust_ecumenical_altar_grove
D:2:      layout_loops_ring, chequers_serial_rivers_marsh,
          minmay_goblin_outpost, uniq_jessica
D:3:      layout_loops_ring, nicolae_kikubaaqudgha_miasma_corner,
          grunt_ministairs_10
D:4:      layout_loops_ring, kb_xom_exploding_sheep,
          nicolae_ru_great_annihilating_truth
D:5:      layout_cave_pods, okawaru_altar_gauntlet_db, serial_rivers,
          chequers_serial_rivers_micro_d, chequers_serial_rivers_micro_a,
          chequers_serial_rivers_small_a, chequers_serial_rivers_room_b,
          chequers_serial_rivers_small_a
D:6:      layout_layer_cave, lemuel_doored_altar, nicolae_shop_clearance

Skill      XL: |  1  2  3  4  5  6  7 |
---------------+----------------------+-----
Armour         | 4 5 |  5.7
Shields        | 4 5 |  5.7
Axes           | 3 4 5 |  5.0
Fighting       | 4 5 |  5.2
Invocations    | |  0.4

Action                   |  1- 3 |  4- 6 |  7- 9 || total
-------------------------+-------+-------+-------++-------
Melee: War axe           |    49 |   141 |    60 ||   250
Invok: Heroism           |       |       |     1 ||     1
Evoke: Wand              |       |       |     1 ||     1
  Use: Potion            |       |       |     3 ||     3
       Scroll            |       |       |     1 ||     1
 Stab: Paralysed         |       |     2 |     3 ||     5
Armor: Scale mail        |    26 |    79 |       ||   105
       Plate armour      |       |    57 |    44 ||   101
Dodge: Dodged            |    17 |    61 |    17 ||    95
Block: Buckler           |    10 |    55 |    15 ||    80

Table legend: (Time is in decaauts)
 A = Elapsed time spent in this place.
 B = Non-inter-level travel time spent in this place.
 C = Inter-level travel time spent in this place.
 D = Time resting spent in this place.
 E = Time spent auto-exploring this place.
 F = Levels seen in this place.
 G = Mean time per level.
                   A        B        C        D        E       F      G
               +--------+--------+--------+--------+--------+-----+--------+
         Total |   2641 |   2421 |    220 |      0 |      0 |   6 |  440.2 |
       Dungeon |   2641 |   2421 |    220 |      0 |      0 |   6 |  440.2 |
               +--------+--------+--------+--------+--------+-----+--------+

Top non-repeatable levels by time:
     D:5: 661 daAuts
     D:3: 566 daAuts
     D:2: 527 daAuts
     D:4: 436 daAuts
     D:1: 383 daAuts
     D:6: 66 daAuts
